 Dungeon Crawl Stone Soup version 0.31-a0-145-g046c7d2549 (webtiles) character file.

Game seed: 12679293608626928060

49 promet the Poker (level 3, -2/26 HPs)
             Began as a Merfolk Wanderer on June 5, 2023.
             Slain by a gnoll
             ... wielding a +0 falchion
              (5 damage)
             ... on level 2 of the Dungeon.
             The game lasted 00:05:17 (1292 turns).

promet the Poker (Merfolk Wanderer)                 Turns: 1292, Time: 00:05:17

Health: -2/26      AC:  4    Str: 14      XL:     3   Next: 77%
Magic:  3/4        EV: 11    Int: 17 (18) God:
Gold:   65         SH:  0    Dex: 11 (12) Spells: 3/4 levels left

rFire   . . .        a - +2 spear
rCold   . . .        (no shield)
rNeg    . . .        d - +1 leather armour
rPois   .            (no helmet)
rElec   .            (no cloak)
rCorr   .            (no gloves)
SInv    .            (no boots)
Will    +....        (no amulet)
Stlth   +            e - +6 ring of intelligence
HPRegen 0.24/turn    (no ring)
MPRegen 0.09/turn

%: no passive effects
@: enlightened, flying
A: (nimble swimmer 2), mertail
a: no special abilities


You were on level 2 of the Dungeon.
You visited 1 branch of the dungeon, and saw 2 of its levels.

You collected 65 gold pieces.

Inventory:

Hand Weapons
 a - a +2 spear (weapon)
Missiles
 j - 3 stones
Armour
 d - a +1 leather armour (worn)
 f - a +0 kite shield
Jewellery
 e - a +6 ring of intelligence (left hand)
Wands
 b - a wand of flame (1) (quivered)
Scrolls
 c - a scroll of fog
Potions
 g - a potion of mutation {unknown}


   Skills:
 + Level 1.4 Fighting
 + Level 4.6 Polearms
 + Level 0.6 Armour
 + Level 0.4 Dodging
 + Level 1.5 Stealth
 + Level 1.0 Spellcasting
 + Level 1.4 Transmutations
 + Level 3.6 Evocations


You had 3 spell levels left.
You knew the following spells:

 Your Spells              Type           Power      Damage    Failure   Level
a - Sting                 Tmut/Pois      12%        1d3       21%         1

Your spell library contained the following spells:

 Spells                   Type           Power      Damage    Failure   Level
 Ignite Poison            Fire/Tmut/Pois 2%         N/A       54%         3
 Inner Flame              Hex/Fire       0%         N/A       63%         3
 Yara's Violent Unravell  Hex/Tmut       1%         3d3       99%         5
 Enfeeble                 Hex            0%         N/A       100%        7


Dungeon Overview and Level Annotations

Branches:
Dungeon (2/15)

Altars:


Innate Abilities, Weirdness & Mutations

((You are very nimble when in or above water. (Stealth+, EV+, Speed+++)))
Your lower body shifts to a powerful aquatic tail in water.


Message History

You hit the gnoll.
The gnoll is heavily wounded.
The gnoll barely misses you.
You hit the gnoll.
You kill the gnoll!
You feel your strength returning.
You start resting.
Magic restored.
You start resting.
HP restored.
You start waiting.
Done waiting.
You see here a +0 whip.
There is a stone staircase leading down here.
You climb downwards.
The gnoll hits you with a +0 falchion! The gnoll barely misses you.
There is a stone staircase leading up, spattered with blood here.
You completely miss the gnoll. The gnoll hits you with a +0 falchion!
Okay, then.
Casting: Sting (safe; 21% risk of failure)
Confirm with . or Enter, or press ? or * to list all spells.
Aiming: Sting (safe; 21% risk of failure)
Press: ? - help, Shift-Dir - straight line, f - gnoll
Aim: a gnoll, wielding a +0 falchion (69% to hit)
The sting hits the gnoll.
The gnoll is poisoned.
The gnoll is lightly wounded.
The gnoll barely misses you.
You barely miss the gnoll.
The gnoll is moderately wounded.
You hit the gnoll.
The gnoll is heavily wounded.
The gnoll hits you with a +0 falchion!
* * * LOW HITPOINT WARNING * * *
It was a potion of enlightenment.
You feel very buoyant.
You fly up into the air.
The gnoll barely misses you.
You hit the gnoll.
The gnoll is severely wounded.
The gnoll hits you with a +0 falchion.
You die...

...#. ..... ..# #$#.#
..# #.#.# #.# .. #.#.#
#.# .... #.#.# #.#
.....#.#.# ##########.##
#....g@.###.......[...#
#....†.................#
#.#.##....##......####.#
# ########.###.# #.# #.#
#.# #.# #.# #.# #.# #.#
#.# #.# #.# #.# #.#
..###.## #.#


You could see a gnoll (poisoned).

Vanquished Creatures
  A gnoll (D:1)
  2 adders (D:2)
  2 dart slugs (D:2)
  2 ball pythons (D:1)
  An endoplasm (D:1)
  2 goblins (D:2)
  3 jackals (D:2)
  A quokka (D:2)
  A bat (D:1)
  2 frilled lizards (D:1)
  A rat (D:2)
18 creatures vanquished.

Notes
Turn   | Place    | Note
-------+----------+-------------------------------------------
     0 | D:1      | promet the Merfolk Wanderer began the quest for the Orb.
     0 | D:1      | promet set off with the following items: a +2 spear, a wand
                  | of flame (4), a scroll of fog, a +0 leather armour; and the
                  | following spell memorised: Sting; and the following spells
                  | available to memorise: Ignite Poison.
     0 | D:1      | Reached XP level 1. HP: 15/15 MP: 2/2
   442 | D:1      | Found a faded altar of an unknown god.
   769 | D:2      | Reached XP level 2. HP: 21/21 MP: 3/3
   996 | D:2      | Reached XP level 3. HP: 6/26 MP: 1/4
  1292 | D:2      | Slain by a gnoll

Illustrated notes

Levels and vault maps discovered:
D:1:      ebering_trefoil_twist, layout_basic, chequers_ecumenical_altar_grove
D:2:      layout_loops_ring, basic_altar

Action                     || total
---------------------------++-------
  Melee: Spear             ||    63
   Cast: Sting             ||     4
  Evoke: Wand              ||     3
    Use: Scroll            ||     5
         Potion            ||     3
   Stab: Sleeping          ||     3
         Invisible         ||     2
 Armour: Leather armour    ||    11
  Dodge: Dodged            ||    28

Table legend: (Time is in decaauts)
 A = Elapsed time spent in this place.
 B = Non-inter-level travel time spent in this place.
 C = Inter-level travel time spent in this place.
 D = Time resting spent in this place.
 E = Time spent auto-exploring this place.
 F = Levels seen in this place.
 G = Mean time per level.
                   A        B        C        D        E       F      G
               +--------+--------+--------+--------+--------+-----+--------+
         Total |   1285 |   1268 |     17 |    455 |    312 |   2 |  642.5 |
       Dungeon |   1285 |   1268 |     17 |    455 |    312 |   2 |  642.5 |
               +--------+--------+--------+--------+--------+-----+--------+

Top non-repeatable levels by time:
     D:1: 903 daAuts
     D:2: 381 daAuts
